| TOP OF THE 1ST |
|
Mobile BayBears batting - Pitching for Reading Fightin Phils : LHP Shirou Yoshida
|
|
Pitching: LHP Shirou Yoshida
|
|
|
Batting: RHB Francisco Gutierrez
|
0-0: Ball 1-0: Ball 2-0: Called Strike 2-1: Ball 3-1: Base on Balls
|
|
Batting: LHB Yao-pang Tien
|
0-0: Fly out, F9 (Flyball, 9D, EV 95.6 MPH)
|
|
Batting: SHB Ken Welch
|
0-0: Called Strike 0-1: Called Strike 0-2: Ball 1-2: Ball 2-2: Ball 3-2: Base on Balls Francisco Gutierrez to second
|
|
Batting: RHB Seth Tramontano
|
0-0: Fly out, F9 (Line Drive, 9, EV 88.1 MPH)
|
|
Batting: RHB Josh Burrows
|
0-0: Called Strike 0-1: Ball 1-1: SINGLE (Groundball, 6MD, EV 94.4 MPH) Francisco Gutierrez to third Ken Welch to second Runner from 3rd tries for Home, SAFE, throw by CF to home
|
|
Batting: RHB Sean Tanner
|
0-0: Ball 1-0: Foul Ball, location: 2F 1-1: Swinging Strike 1-2: Ball 2-2: Foul Ball, location: 2F 2-2: Ball 3-2: Base on Balls Ken Welch to third Josh Burrows to second
|
|
Batting: LHB Koson Hirai
|
0-0: Ball 1-0: SINGLE (Groundball, 6D, EV 96.9 MPH) Ken Welch scores Josh Burrows to third Sean Tanner to second Runner from 3rd tries for Home, SAFE, throw by CF to home
|
|
Batting: LHB Frank Mullen
|
0-0: Called Strike 0-1: Foul Ball, location: 2F 0-2: Foul Ball, location: 2F 0-2: Foul Ball, location: 2F 0-2: Foul Ball, location: 2F 0-2: Foul Ball, location: 2F 0-2: Ball 1-2: Ball 2-2: Foul Ball, location: 2F 2-2: Fly out, F9 (Flyball, 9D, EV 107.5 MPH)
|
| Top of the 1st over - 3 runs, 2 hits, 0 errors, 2 left on base; Mobile 3 - Reading 0 |
| BOTTOM OF THE 1ST |
|
Reading Fightin Phils batting - Pitching for Mobile BayBears : RHP Tim Rymut
|
|
Pitching: RHP Tim Rymut
|
|
|
Batting: RHB Alberto Ramirez
|
0-0: Called Strike 0-1: Ball 1-1: Foul Ball, location: 2F 1-2: Strikes out swinging
|
|
Batting: RHB Chris Myers
|
0-0: Swinging Strike 0-1: Called Strike 0-2: Ball 1-2: Fly out, F7 (Flyball, 78D, EV 108.8 MPH)
|
|
Batting: RHB Guan-pei Gao
|
0-0: Ball 1-0: Fly out, F8 (Flyball, 8LD, EV 106.2 MPH)
|
| Bottom of the 1st over - 0 runs, 0 hits, 0 errors, 0 left on base; Mobile 3 - Reading 0 |
| TOP OF THE 2ND |
|
Mobile BayBears batting - Pitching for Reading Fightin Phils : LHP Shirou Yoshida
|
|
Batting: RHB Carlos Ballesteros
|
0-0: Ball 1-0: Called Strike 1-1: Foul Ball, location: 2F 1-2: Ball 2-2: Foul Ball, location: 2F 2-2: Foul Ball, location: 2F 2-2: Ball 3-2: Strikes out swinging
|
|
Batting: RHB Francisco Gutierrez
|
0-0: Called Strike 0-1: Foul Ball, location: 2F 0-2: Strikes out swinging
|
|
Batting: LHB Yao-pang Tien
|
0-0: Called Strike 0-1: Ball 1-1: Foul Ball, location: 2F 1-2: Strikes out swinging
|
| Top of the 2nd over - 0 runs, 0 hits, 0 errors, 0 left on base; Mobile 3 - Reading 0 |
| BOTTOM OF THE 2ND |
|
Reading Fightin Phils batting - Pitching for Mobile BayBears : RHP Tim Rymut
|
|
Batting: RHB Greg Herzig
|
0-0: Ball 1-0: Swinging Strike 1-1: Ball 2-1: Swinging Strike 2-2: Ball 3-2: Foul Ball, location: 2F 3-2: Base on Balls
|
|
Batting: RHB John Manocchio
|
0-0: Ball 1-0: Grounds into double play, 1-6-3 (Groundball, 13S, EV 65.0 MPH)
|
|
Batting: RHB David Clough
|
0-0: Ball 1-0: SINGLE (Groundball, 56D, EV 107.5 MPH)
|
|
Batting: RHB Mike Bell
|
0-0: Foul Ball, location: 2F 0-1: Called Strike 0-2: Ball 1-2: Foul Ball, location: 2F 1-2: Foul Ball, location: 2F 1-2: Ball 2-2: DOUBLE (Line Drive, 78M, EV 111.9 MPH) David Clough to third Runner from 3rd tries for Home, SAFE, no throw by LF
|
|
Batting: RHB Mike Meeker
|
0-0: Swinging Strike 0-1: Called Strike 0-2: Ball 1-2: Ball 2-2: Strikes out looking
|
| Bottom of the 2nd over - 1 run, 2 hits, 0 errors, 1 left on base; Mobile 3 - Reading 1 |
| TOP OF THE 3RD |
|
Mobile BayBears batting - Pitching for Reading Fightin Phils : LHP Shirou Yoshida
|
|
Batting: SHB Ken Welch
|
0-0: Ball 1-0: Ball 2-0: Foul Ball, location: 2F 2-1: Swinging Strike 2-2: Ball 3-2: Foul Ball, location: 2F 3-2: Strikes out swinging
|
|
Batting: RHB Seth Tramontano
|
0-0: SINGLE (Groundball, 6D, EV 95.6 MPH)
|
|
Batting: RHB Josh Burrows
|
0-0: Ball 1-0: Foul Ball, location: 2F 1-1: Grounds into double play, 6-4-3 (Groundball, 6, EV 78.8 MPH)
|
| Top of the 3rd over - 0 runs, 1 hit, 0 errors, 0 left on base; Mobile 3 - Reading 1 |
| BOTTOM OF THE 3RD |
|
Reading Fightin Phils batting - Pitching for Mobile BayBears : RHP Tim Rymut
|
|
Batting: RHB Victor Arias
|
0-0: Called Strike 0-1: Called Strike 0-2: Ball 1-2: Ball 2-2: Ball 3-2: Base on Balls
|
|
Batting: RHB Alberto Ramirez
|
0-0: Ball 1-0: Foul Ball, location: 2F 1-1: Foul Ball, location: 2F 1-2: Strikes out swinging
|
|
Batting: RHB Chris Myers
|
0-0: Called Strike 0-1: Grounds into double play, 6-4-3 (Groundball, 6, EV 89.4 MPH)
|
| Bottom of the 3rd over - 0 runs, 0 hits, 0 errors, 0 left on base; Mobile 3 - Reading 1 |
| TOP OF THE 4TH |
|
Mobile BayBears batting - Pitching for Reading Fightin Phils : LHP Shirou Yoshida
|
|
Batting: RHB Sean Tanner
|
0-0: Ball 1-0: Ground out 4-3 (Groundball, 4M, EV 102.5 MPH)
|
|
Batting: LHB Koson Hirai
|
0-0: Called Strike 0-1: Swinging Strike 0-2: DOUBLE (Flyball, 78XD, EV 111.9 MPH)
|
|
Batting: LHB Frank Mullen
|
0-0: Ball 1-0: Foul Ball, location: 2F 1-1: Ball 2-1: Ball 3-1: Base on Balls
|
|
Batting: RHB Carlos Ballesteros
|
0-0: Ball 1-0: SINGLE (Groundball, 6M, EV 76.9 MPH) (infield hit) Koson Hirai to third Frank Mullen to second
|
|
Batting: RHB Francisco Gutierrez
|
0-0: Grounds into double play, 5-2-3 (Groundball, 5S, EV 71.9 MPH)
|
| Top of the 4th over - 0 runs, 2 hits, 0 errors, 2 left on base; Mobile 3 - Reading 1 |
| BOTTOM OF THE 4TH |
|
Reading Fightin Phils batting - Pitching for Mobile BayBears : RHP Tim Rymut
|
|
Batting: RHB Guan-pei Gao
|
0-0: Called Strike 0-1: Ball 1-1: Ball 2-1: Foul Ball, location: 2F 2-2: Foul Ball, location: 2F 2-2: Strikes out swinging
|
|
Batting: RHB Greg Herzig
|
0-0: Called Strike 0-1: Ball 1-1: Foul Ball, location: 2F 1-2: Ball 2-2: Ground out U3 (Groundball, 34, EV 110.0 MPH)
|
|
Batting: RHB John Manocchio
|
0-0: Called Strike 0-1: Ball 1-1: Foul Ball, location: 2F 1-2: Ball 2-2: Ball 3-2: Base on Balls
|
|
Batting: RHB David Clough
|
0-0: Called Strike 0-1: Ball 1-1: Ball 2-1: Ball 3-1: Foul Ball, location: 2F 3-2: SINGLE (Line Drive, 4M, EV 98.1 MPH) John Manocchio to second John Manocchio to third
|
|
Batting: RHB Mike Bell
|
0-0: Fly out, F9 (Flyball, 9D, EV 92.5 MPH)
|
| Bottom of the 4th over - 0 runs, 1 hit, 0 errors, 2 left on base; Mobile 3 - Reading 1 |
| TOP OF THE 5TH |
|
Mobile BayBears batting - Pitching for Reading Fightin Phils : LHP Shirou Yoshida
|
|
Batting: LHB Yao-pang Tien
|
0-0: Called Strike 0-1: Called Strike 0-2: Foul Ball, location: 2F 0-2: Ball 1-2: Ball 2-2: Ball 3-2: SINGLE (Groundball, 3D, EV 109.4 MPH)
|
|
Batting: SHB Ken Welch
|
0-0: Foul Ball, location: 2F 0-1: Foul Ball, location: 2F 0-2: Ball 1-2: Strikes out looking
|
|
Batting: RHB Seth Tramontano
|
0-0: Called Strike 0-1: Ball 1-1: Ball 2-1: Swinging Strike 2-2: Foul Ball, location: 2F 2-2: Strikes out swinging
|
|
Batting: RHB Josh Burrows
|
0-0: Foul Ball, location: 2F 0-1: Swinging Strike 0-2: Foul Ball, location: 2F 0-2: Ball 1-2: Foul Ball, location: 2F 1-2: Foul Ball, location: 2F 1-2: Foul Ball, location: 2F 1-2: Fly out, F9 (Flyball, 9LM, EV 91.2 MPH)
|
| Top of the 5th over - 0 runs, 1 hit, 0 errors, 1 left on base; Mobile 3 - Reading 1 |
| BOTTOM OF THE 5TH |
|
Reading Fightin Phils batting - Pitching for Mobile BayBears : RHP Tim Rymut
|
|
Batting: RHB Mike Meeker
|
0-0: Fly out, F9 (Flyball, 89M, EV 86.9 MPH)
|
|
Batting: RHB Victor Arias
|
0-0: Ball 1-0: Ball 2-0: Fly out, F4 (Flyball, 34D, EV 91.9 MPH)
|
|
Batting: RHB Alberto Ramirez
|
0-0: Swinging Strike 0-1: Ball 1-1: Ground out U3 (Groundball, 3, EV 90.0 MPH)
|
| Bottom of the 5th over - 0 runs, 0 hits, 0 errors, 0 left on base; Mobile 3 - Reading 1 |
| TOP OF THE 6TH |
|
Mobile BayBears batting - Pitching for Reading Fightin Phils : LHP Shirou Yoshida
|
|
Pitching: RHP Andrew Giles
|
|
|
Batting: RHB Sean Tanner
|
0-0: Ball 1-0: Foul Ball, location: 2F 1-1: Foul Ball, location: 2F 1-2: Strikes out looking
|
|
Batting: LHB Koson Hirai
|
0-0: Ball 1-0: Swinging Strike 1-1: Called Strike 1-2: Ball 2-2: Ground out 6-3 (Groundball, 6, EV 83.1 MPH)
|
|
Batting: LHB Frank Mullen
|
0-0: Called Strike 0-1: Ball 1-1: Ball 2-1: Foul Ball, location: 2F 2-2: Ball 3-2: Foul Ball, location: 2F 3-2: Foul Ball, location: 2F 3-2: Foul Ball, location: 2F 3-2: Fly out, F9 (Flyball, 9D, EV 96.2 MPH)
|
| Top of the 6th over - 0 runs, 0 hits, 0 errors, 0 left on base; Mobile 3 - Reading 1 |
| BOTTOM OF THE 6TH |
|
Reading Fightin Phils batting - Pitching for Mobile BayBears : RHP Tim Rymut
|
|
Batting: RHB Chris Myers
|
0-0: Ground out 4-3 (Groundball, 4, EV 84.4 MPH)
|
|
Batting: RHB Guan-pei Gao
|
0-0: Called Strike 0-1: Ground out U3 (Groundball, 34S, EV 63.1 MPH)
|
|
Batting: RHB Greg Herzig
|
0-0: Ball 1-0: Foul Ball, location: 2F 1-1: Swinging Strike 1-2: Ball 2-2: Foul Ball, location: 2F 2-2: DOUBLE (Line Drive, 78D, EV 105.0 MPH)
|
|
Pitching: RHP Jaden Peterson
|
|
|
Batting: RHB John Manocchio
|
0-0: Foul Ball, location: 2F 0-1: Foul Ball, location: 2F 0-2: SINGLE (Groundball, 6M, EV 100.6 MPH) (infield hit) Greg Herzig to third
|
|
Batting: RHB David Clough
|
0-0: SINGLE (Line Drive, 7LS, EV 105.6 MPH) Greg Herzig scores John Manocchio to second
|
|
Batting: RHB Mike Bell
|
0-0: Called Strike 0-1: Ball 1-1: Swinging Strike 1-2: Strikes out swinging
|
| Bottom of the 6th over - 1 run, 3 hits, 0 errors, 2 left on base; Mobile 3 - Reading 2 |
| TOP OF THE 7TH |
|
Mobile BayBears batting - Pitching for Reading Fightin Phils : RHP Andrew Giles
|
|
Batting: RHB Carlos Ballesteros
|
0-0: Called Strike 0-1: Called Strike 0-2: Ball 1-2: Foul Ball, location: 2F 1-2: Ball 2-2: Foul Ball, location: 2F 2-2: Ball 3-2: Foul Ball, location: 2F 3-2: Base on Balls
|
|
Batting: RHB Francisco Gutierrez
|
0-0: Sac Bunt to 5S - play at first, batter OUT! 5-3 Carlos Ballesteros to second
|
|
Batting: LHB Yao-pang Tien
|
0-0: Intentional Walk
|
|
Pitching: RHP David Oviedo
|
|
|
Batting: SHB Ken Welch
|
0-0: Swinging Strike 0-1: Swinging Strike 0-2: Strikes out swinging
|
|
Batting: RHB Seth Tramontano
|
0-0: Ball 1-0: Ball 2-0: Called Strike 2-1: Called Strike 2-2: Foul Ball, location: 2F 2-2: Ball 3-2: Foul Ball, location: 2F 3-2: Ground out 5-3 (Groundball, 56, EV 106.2 MPH)
|
| Top of the 7th over - 0 runs, 0 hits, 0 errors, 2 left on base; Mobile 3 - Reading 2 |
| BOTTOM OF THE 7TH |
|
Reading Fightin Phils batting - Pitching for Mobile BayBears : RHP Jaden Peterson
|
|
Batting: RHB Mike Meeker
|
0-0: Called Strike 0-1: Ball 1-1: Ball 2-1: Ball 3-1: Swinging Strike 3-2: Base on Balls
|
|
Batting: RHB Victor Arias
|
0-0: Ball 1-0: Foul Ball, location: 2F 1-1: Foul Ball, location: 2F 1-2: Foul Ball, location: 2F 1-2: SINGLE (Flyball, 3D, EV 91.9 MPH) Mike Meeker to second
|
|
Batting: RHB Alberto Ramirez
|
0-0: Sac Bunt to 25 - play at first, batter OUT! 5-4 Mike Meeker to third Victor Arias to second
|
|
Batting: RHB Chris Myers
|
0-0: Ball 1-0: Ball 2-0: Ball 3-0: Called Strike 3-1: Called Strike 3-2: Base on Balls
|
|
Batting: RHB Guan-pei Gao
|
0-0: Fly out, F9 (Flyball, 9D, EV 85.0 MPH) Runner from 3rd tags up, SCORES, no throw by RF
|
|
Batting: RHB Greg Herzig
|
0-0: Ball 1-0: Foul Ball, location: 2F 1-1: Fielders Choice at 2nd, 5-4 (Groundball, 56, EV 87.5 MPH)
|
| Bottom of the 7th over - 1 run, 1 hit, 0 errors, 2 left on base; Mobile 3 - Reading 3 |
| TOP OF THE 8TH |
|
Mobile BayBears batting - Pitching for Reading Fightin Phils : RHP David Oviedo
|
|
Pitching: RHP T.J. Gray
|
|
|
Batting: RHB Josh Burrows
|
0-0: Called Strike 0-1: Called Strike 0-2: Ball 1-2: Foul Ball, location: 2F 1-2: Strikes out looking
|
|
Pinch Hitting: SHB Reagan Dudley
|
0-0: Ball 1-0: Ball 2-0: Ball 3-0: Called Strike 3-1: Base on Balls
|
|
Batting: LHB Koson Hirai
|
0-0: Grounds into double play, 5-4-3 (Groundball, 5, EV 86.2 MPH)
|
| Top of the 8th over - 0 runs, 0 hits, 0 errors, 0 left on base; Mobile 3 - Reading 3 |
| BOTTOM OF THE 8TH |
|
Reading Fightin Phils batting - Pitching for Mobile BayBears : RHP Jaden Peterson
|
|
Pitching: RHP Dan Thompson
|
|
|
Now at C: Yasuo Nakata
|
|
|
Batting: RHB John Manocchio
|
0-0: Called Strike 0-1: Ground out 6-3 (Groundball, 6M, EV 85.6 MPH)
|
|
Batting: RHB David Clough
|
0-0: Ball 1-0: Foul Ball, location: 2F 1-1: Ball 2-1: Swinging Strike 2-2: Ball 3-2: Base on Balls
|
|
Batting: RHB Mike Bell
|
0-0: Ball 1-0: Called Strike 1-1: Foul Ball, location: 2F 1-2: Ball 2-2: Ball 3-2: DOUBLE (Line Drive, 8LXD, EV 100.0 MPH) David Clough to third
|
|
Batting: RHB Mike Meeker
|
0-0: Ground out 5-3 (Groundball, 56S, EV 93.1 MPH)
|
|
Batting: RHB Victor Arias
|
0-0: Ball 1-0: Called Strike 1-1: Swinging Strike 1-2: Ball 2-2: Ground out 4-3 (Groundball, 4, EV 95.0 MPH)
|
| Bottom of the 8th over - 0 runs, 1 hit, 0 errors, 2 left on base; Mobile 3 - Reading 3 |
| TOP OF THE 9TH |
|
Mobile BayBears batting - Pitching for Reading Fightin Phils : RHP T.J. Gray
|
|
Batting: LHB Frank Mullen
|
0-0: Ball 1-0: Ball 2-0: Ball 3-0: Base on Balls
|
|
Batting: RHB Carlos Ballesteros
|
0-0: Called Strike Frank Mullen steals 2nd base 0-1: SINGLE (Groundball, 4MD, EV 93.8 MPH) Frank Mullen to third
|
|
Batting: RHB Francisco Gutierrez
|
0-0: Called Strike 0-1: Ball 1-1: Ball 2-1: Ball 3-1: Called Strike 3-2: Ground out 5-3 (Groundball, 56S, EV 73.1 MPH) Carlos Ballesteros to second
|
|
Batting: LHB Yao-pang Tien
|
0-0: Intentional Walk
|
|
Batting: SHB Ken Welch
|
0-0: Ball 1-0: Foul Ball, location: 2F 1-1: Ball 2-1: Swinging Strike 2-2: Fly out, F8 (Flyball, 8RM, EV 91.2 MPH) Runner from 3rd tags up, SCORES, no throw by CF
|
|
Batting: RHB Seth Tramontano
|
0-0: Ball 1-0: Called Strike 1-1: Called Strike 1-2: Ball Wild Pitch! Carlos Ballesteros to third Yao-pang Tien to second 2-2: Foul Ball, location: 2F 2-2: Ball 3-2: Fly out, F7 (Flyball, 7S, EV 84.4 MPH)
|
| Top of the 9th over - 1 run, 1 hit, 0 errors, 2 left on base; Mobile 4 - Reading 3 |
| BOTTOM OF THE 9TH |
|
Reading Fightin Phils batting - Pitching for Mobile BayBears : RHP Dan Thompson
|
|
Pitching: RHP Edwin Martinez
|
|
|
Now at 3B: Luke Stark
|
|
|
Batting: RHB Alberto Ramirez
|
0-0: Called Strike 0-1: Foul Ball, location: 2F 0-2: Ball 1-2: Foul Ball, location: 2F 1-2: Foul Ball, location: 2F 1-2: SINGLE (Line Drive, 7S, EV 110.0 MPH)
|
|
Batting: RHB Chris Myers
|
0-0: Ball 1-0: Ball 2-0: Reached on error, E3 (Groundball, 23, EV 43.8 MPH) Alberto Ramirez to third
|
|
Batting: RHB Guan-pei Gao
|
0-0: Ball 1-0: Ball 2-0: Ground out 4-3 (Groundball, 4, EV 107.5 MPH) Alberto Ramirez scores Chris Myers to third
|
|
Batting: RHB Greg Herzig
|
0-0: Foul Ball, location: 2F 0-1: Hit by Pitch
|
|
Pinch Runner at 1st Victor Arroyo:
|
|
|
Batting: RHB John Manocchio
|
0-0: Fly out, F8 (Flyball, 8RXD, EV 83.1 MPH) Runner from 3rd tags up, SCORES, no throw by CF
|
| Bottom of the 9th over - 2 runs, 1 hit, 1 error, 1 left on base; Mobile 4 - Reading 5 |
|